Map: Efflorescence LE

Players

Massa

  • Race: Terran Terran
  • Spawn Location: 12:00

qqq

  • Race: Protoss Protoss
  • Spawn Location: 3:00

Starwanderer - Winner!

  • Race: Terran Terran
  • League: Gold
  • Spawn Location: 9:00

Kartowka - Winner!

  • Race: Zerg Zerg
  • League: Diamond
  • Spawn Location: 6:00

VOD

Have the link to the VOD?

Description

Time

  • Played on: June 11, 2020, 7:01 a.m.
  • Length: 9:57
Show
View Real Time Build Order
Export as new Build Order

Massa Terran 

Build Orders:  

Get SALT Encoding   

  12  0:10  SCV  
  13  0:22  SCV  
  13  0:23  Supply Depot  
  14  0:34  SCV  
  15  0:46  SCV  
  15  0:47  Barracks  
  16  0:58  SCV  
  17  1:10  SCV  
  18  1:19  Refinery  
  18  1:22  SCV  
  19  1:35  Supply Depot  
  19  1:43  SCV  
  20  1:55  SCV  
  21  2:07  SCV  
  21  2:08  Marine  
  22  2:17  Barracks  
  22  2:23  Orbital Command  
  22  2:26  Marine  
  22  2:28  Command Center  
  23  2:33  Factory  
  23  2:50  Supply Depot  
  23  2:52  Supply Depot  
  23  3:02  Supply Depot  
  23  3:07  Barracks Tech Lab  
  23  3:11  Marine  
  24  3:19  Factory Tech Lab  
  24  3:24  Starport  
  24  3:29  Engineering Bay, Marine  
  24  3:33  SCV  
  26  3:40  SCV  
  27  3:45  SCV  
  28  3:49  Marine  
  28  3:51  Marauder  
  28  3:52  SCV  
  32  3:58  SCV  
  32  4:01  Missile Turret  
  33  4:04  SCV  
  33  4:06  Missile Turret  
  34  4:12  Missile Turret  
  34  4:14  Medivac  
  36  4:20  Marauder  
  36  4:22  SCV x2  
  40  4:32  Missile Turret  
  40  4:36  Missile Turret  
  40  4:41  Missile Turret  
  40  4:42  SCV x2  
  42  4:47  Marauder  
  44  4:54  SCV  
  45  5:05  Supply Depot  
  45  5:13  Marauder  
  47  5:16  Terran Infantry Weapons Level 1  
  47  5:21  Engineering Bay  
  47  5:22  SCV x2  
  47  5:26  Refinery  
  47  5:27  Supply Depot  
  49  5:33  Refinery  
  49  5:34  SCV x2  
  51  5:37  Barracks Tech Lab  
  51  5:42  Marine  
  51  5:47  Orbital Command  
  51  5:49  Refinery  
  52  6:00  Marine  
  52  6:01  Siege Tank  
  56  6:05  Marauder  
  58  6:18  Marine  
  59  6:26  Marauder  
  60  6:33  Siege Tank  
  62  6:42  Marauder  
  58  6:48  Marauder  
  53  7:03  Marauder  
  54  7:17  Stimpack  
  54  7:36  Barracks Tech Lab  
  54  7:40  Supply Depot  
  54  7:41  Terran Infantry Armor Level 1  
  54  7:45  Armory  
  54  7:55  Barracks  
  54  7:57  Supply Depot  
  54  8:01  SCV x2, Marauder, Siege Tank  
  54  8:03  Supply Depot  
  61  8:13  SCV  
  61  8:14  Bunker  
  61  8:18  SCV  
  63  8:21  Supply Depot  
  63  8:23  Marauder x2  
  63  8:25  Concussive Shells  
  63  8:26  Supply Depot  
  67  8:33  Siege Tank  
  70  8:43  Factory  
  70  8:44  Marauder, Supply Depot  
  70  8:45  Barracks, Marauder  
  70  8:46  Barracks Tech Lab  
  74  8:49  Supply Depot  
  74  8:50  Medivac  
  76  9:05  Marine  
  76  9:06  Marauder x2  
  76  9:07  Supply Depot  
  75  9:10  Barracks  
  75  9:12  Supply Depot  
  62  9:23  Marine  
  49  9:27  Marine  
  49  9:28  Marauder  
  54  9:35  Supply Depot  
Show
View Real Time Build Order
Export as new Build Order

qqq Protoss 

Build Orders: Phoenix Opening 

Get SALT Encoding   

  12  0:02  Probe  
  13  0:15  Pylon  
  13  0:21  Probe  
  14  0:41  Forge  
  14  0:47  Gateway  
  14  0:50  Probe  
  15  1:02  Pylon  
  15  1:08  Probe  
  16  1:15  Pylon  
  16  1:20  Probe  
  16  1:24  Assimilator  
  17  1:32  Probe  
  17  1:39  Cybernetics Core  
  18  1:47  Photon Cannon  
  18  1:59  Probe  
  19  2:04  Assimilator  
  19  2:11  Probe  
  20  2:23  Probe  
  21  2:35  Probe  
  22  2:41  Nexus  
  22  2:47  Probe  
  23  2:52  Stargate  
  23  3:13  Stargate  
  23  3:45  Phoenix  
  25  4:01  Probe  
  26  4:09  Phoenix  
  28  4:10  Phoenix  
  28  4:13  Probe  
  28  4:16  Nexus  
  31  4:25  Probe  
  32  4:38  Probe  
  33  4:46  Phoenix x2  
  33  4:50  Probe  
  38  4:55  Assimilator  
  38  4:59  Assimilator  
  38  5:02  Probe  
  40  5:14  Probe  
  40  5:26  Probe  
  41  5:30  Fleet Beacon  
  41  5:37  Probe  
  41  5:38  Probe  
  41  5:40  Phoenix  
  45  5:49  Probe  
  46  5:50  Probe  
  47  6:01  Probe  
  47  6:02  Probe, Phoenix  
  51  6:06  Phoenix  
  53  6:13  Probe  
  53  6:14  Probe  
  55  6:19  Protoss Air Weapons Level 1  
  53  6:26  Probe x2  
  51  6:33  Phoenix x2  
  51  6:38  Probe  
  50  6:58  Phoenix  
  52  7:13  Pylon  
  52  7:16  Pylon  
  52  7:18  Pylon  
  52  7:22  Pylon  
  52  7:24  Phoenix  
  52  7:25  Phoenix  
  56  7:42  Probe x2  
  58  7:46  Phoenix x2  
  58  7:47  Assimilator  
  58  7:51  Assimilator  
  62  7:53  Anion Pulse-Crystals  
  62  7:54  Probe x2  
  64  8:06  Probe x2  
  64  8:10  Stargate  
  64  8:11  Phoenix x2  
  68  8:18  Probe x2  
  70  8:30  Probe x2  
  72  8:36  Phoenix x2  
  76  8:42  Probe x2  
  78  8:54  Probe x2  
  80  9:04  Phoenix x2  
  74  9:29  Phoenix  
  76  9:36  Probe x2  
Show
View Real Time Build Order
Export as new Build Order

Starwanderer Terran - Winner!

Build Orders:  

Get SALT Encoding   

  12  0:03  SCV  
  13  0:18  Supply Depot  
  13  0:19  SCV  
  14  0:34  Refinery  
  14  0:35  SCV  
  15  0:45  Barracks  
  15  0:48  SCV  
  16  1:00  SCV  
  17  1:12  SCV  
  18  1:37  Marine  
  18  1:39  Command Center  
  19  1:45  SCV  
  20  1:56  Factory  
  20  2:00  SCV  
  21  2:07  Refinery  
  21  2:12  SCV  
  22  2:21  Barracks Tech Lab  
  22  2:22  Supply Depot  
  22  2:27  SCV  
  23  2:40  Orbital Command  
  23  2:42  Factory Tech Lab  
  23  2:46  Marine  
  24  2:58  SCV  
  28  3:05  Siege Tank  
  28  3:11  SCV  
  29  3:17  Starport  
  29  3:19  Marine  
  30  3:23  SCV  
  31  3:30  SCV  
  32  3:35  SCV  
  32  3:37  Siege Tank  
  32  3:39  Marine  
  37  3:57  Marine  
  37  3:58  Barracks  
  37  4:00  SCV  
  37  4:01  SCV, Starport Tech Lab  
  40  4:13  SCV x2  
  40  4:14  Stimpack  
  40  4:15  Marine  
  43  4:22  Raven  
  45  4:25  SCV  
  45  4:26  Supply Depot  
  46  4:47  SCV x2, Marine x2  
  46  4:51  Barracks  
  50  4:57  Supply Depot  
  52  5:00  SCV x2  
  52  5:01  Engineering Bay  
  52  5:05  Marine  
  53  5:12  SCV  
  54  5:19  Viking, Siege Tank  
  59  5:35  Barracks Reactor  
  59  5:39  SCV x2  
  59  5:40  Terran Infantry Weapons Level 1  
  61  5:46  Supply Depot  
  61  5:47  Supply Depot  
  61  5:48  Supply Depot  
  61  5:49  Supply Depot  
  59  5:51  SCV  
  60  5:58  Command Center, Viking  
  62  6:07  Marine  
  63  6:22  Marine x3  
  63  6:31  Viking  
  63  6:53  Siege Tank  
  62  7:03  Marine x3  
  62  7:04  Marine  
  65  7:21  Marine x4  
  61  7:23  Starport  
  61  7:27  Starport Reactor  
  53  7:30  Siege Tank  
  56  7:39  Marine x4  
  56  7:40  SCV x2  
  62  7:50  Refinery  
  62  7:52  SCV x2  
  62  7:55  Refinery  
  62  7:56  Marine  
  65  8:00  Factory  
  65  8:02  Siege Tank  
  65  8:04  SCV  
  65  8:05  SCV, Marine  
  70  8:06  Marine x2  
  70  8:11  Viking  
  75  8:13  Starport Reactor  
  75  8:16  SCV  
  75  8:17  SCV  
  77  8:22  Supply Depot  
  77  8:24  Supply Depot  
  77  8:25  Supply Depot  
  77  8:28  SCV  
  77  8:29  SCV  
  77  8:30  Viking  
  81  8:41  SCV x2  
  83  8:42  Marine x3  
  83  8:44  Barracks Tech Lab  
  84  8:52  Viking x3  
  84  8:53  SCV  
  91  8:59  Marine  
  91  9:00  Marine  
  93  9:05  SCV  
  89  9:34  Marine x4  
Show
View Real Time Build Order
Export as new Build Order

Kartowka Zerg - Winner!

Build Orders: Hatch First, Roach Hydra 

Get SALT Encoding   

  12  0:01  Drone  
  13  0:13  Overlord  
  13  0:20  Drone  
  14  0:31  Drone  
  15  0:49  Hatchery  
  15  0:50  Drone  
  15  0:53  Drone  
  16  0:59  Drone  
  17  1:08  Drone  
  18  1:13  Extractor  
  17  1:22  Spawning Pool  
  16  1:29  Drone x2  
  18  1:39  Drone  
  19  2:02  Drone x3  
  22  2:11  Queen x2  
  22  2:13  Drone x2  
  28  2:21  Overlord  
  28  2:43  Drone x3  
  31  2:49  Roach Warren  
  30  2:54  Extractor  
  30  2:55  Drone x2  
  30  2:56  Drone x2  
  30  2:57  Extractor  
  32  3:05  Drone  
  33  3:06  Drone  
  33  3:09  Evolution Chamber  
  33  3:11  Evolution Chamber  
  33  3:12  Lair  
  32  3:21  Drone  
  32  3:22  Drone x3  
  32  3:24  Overlord  
  36  3:28  Overlord  
  36  3:41  Zerg Missile Weapons Level 1  
  36  3:44  Zerg Ground Armor Level 1  
  36  3:46  Extractor  
  35  3:54  Drone x3  
  38  3:56  Drone x2  
  38  3:58  Drone  
  38  4:01  Drone  
  42  4:03  Drone  
  42  4:06  Drone  
  42  4:08  Drone  
  45  4:13  Glial Reconstitution  
  45  4:16  Drone  
  46  4:27  Drone x2  
  46  4:28  Drone x2  
  50  4:52  Hatchery  
  50  4:57  Overlord x3  
  50  4:58  Overlord x2  
  49  5:04  Roach  
  51  5:15  Roach  
  51  5:16  Roach x5  
  65  5:28  Roach  
  65  5:29  Roach  
  65  5:33  Roach x5  
  65  5:34  Roach  
  79  5:36  Zerg Missile Weapons Level 2  
  79  5:45  Zerg Ground Armor Level 2  
  79  5:53  Roach x3  
  85  6:01  Hydralisk Den  
  52  6:57  Hydralisk x2, Roach x2  
  52  6:58  Hydralisk x8  
  76  7:02  Grooved Spines  
  72  7:12  Queen  
  74  7:16  Hydralisk x3, Roach x2  
  84  7:27  Roach  
  84  7:28  Roach x2  
  90  7:44  Hydralisk  
  90  7:45  Hydralisk, Roach x2  
  90  7:48  Overlord  
  90  7:49  Overlord x5  
  98  7:57  Infestation Pit  
  98  7:58  Drone  
  98  8:04  Roach  
  98  8:14  Roach, Muscular Augments  
  98  8:15  Roach x9  
  116  8:34  Hive  
  116  8:41  Hydralisk x2, Roach x4  
  120  8:42  Roach  
Tags
 
Add a new tag
Caveats
  • Supply blocks, unpowered buildings, or Contaminate may cause inaccurate times.
  • Supply counts are checked every 10 seconds.